AoeStats
← Shin Kawashima

Black Forest

510063090Analyzed
2v2 RM · 5d ago on Sep 29, 2026· 43m 46s· 4 players
Game mode
Random Map
Map size
Medium (4 player)
Population
200
Speed
Normal
Resources
Standard
Victory
Conquest
Starting age
Dark Age
Ending age
Imperial Age
RankedLock teamsTeams togetherTeam positionsShared explorationLock speedFull tech treeHidden civsTurbo modeCheats
Victory
Defeat
🇭🇰 Turks · Hong Kong SAR China
937
+15
🇨🇳 Persians · China
926
+16
🇨🇳 Japanese · China
940
-16
🇨🇳 Burmese · China
915
-15
y.尊 尊
0:37 Loom
16:04 Feudal Age
16:31 Man-at-Arms
18:14 Wheelbarrow
17:22 Horse Collar
17:32 Double-Bit Axe
22:21 Horse Collar
25:53 Castle Age
24:25 Gold Mining
26:37 Bow Saw
31:19 Kamandaran
31:49 Fletching
31:59 Padded Archer Armor
32:26 Ballistics
33:14 Heavy Plow
34:20 Leather Archer Armor
34:42 Caravan
35:02 Stone Mining
34:45 Crossbowman
36:58 Thumb Ring
37:27 Masonry
38:17 Husbandry
38:28 Bloodlines
39:09 Bodkin Arrow
40:00 Forging
41:58 Iron Casting
42:24 Scale Barding Armor
43:22 Hand Cart
42:52 Town Watch
44:05 Gold Shaft Mining
Shin Kawashima
0:56 Loom
12:43 Feudal Age
13:19 Horse Collar
17:09 Castle Age
16:30 Double-Bit Axe
16:39 Gold Mining
22:36 Heavy Plow
25:10 Imperial Age
23:11 Bow Saw
23:14 Padded Archer Armor
24:28 Leather Archer Armor
26:27 Ring Archer Armor
33:15 Scale Barding Armor
33:21 Forging
34:49 Chain Barding Armor
35:31 Iron Casting
35:34 Wheelbarrow
35:36 Husbandry
35:47 Bloodlines
37:50 Hand Cart
38:57 Conscription
38:46 Town Watch
40:06 Artillery
40:14 Heavy Camel Rider
41:56 Plate Barding Armor
张益达
1:51 Loom
13:39 Feudal Age
21:08 Castle Age
23:25 Wheelbarrow
27:54 Horse Collar
30:27 Husbandry
30:37 Bloodlines
31:19 Town Watch
31:36 Elite Skirmisher
34:14 Manipur Cavalry
35:53 Forging
35:49 Scale Barding Armor
37:31 Iron Casting
39:45 Imperial Age
37:53 Gold Mining
37:54 Stone Mining
41:34 Blast Furnace
40:57 Chain Barding Armor
42:01 Conscription
42:44 Conscription
42:30 Howdah
44:10 Block Printing
吕小布
0:27 Loom
11:54 Feudal Age
15:48 Castle Age
14:00 Double-Bit Axe
25:22 Wheelbarrow
26:17 Murder Holes
26:33 Fortified Wall
26:22 Treadmill Crane
27:04 Hand Cart
27:55 Forging
27:45 Scale Mail Armor
31:32 Imperial Age
29:20 Thumb Ring
29:02 Elite Skirmisher
31:14 Fletching
31:25 Padded Archer Armor
32:23 Bodkin Arrow
35:17 Chemistry
34:39 Ballistics
36:43 Bracer
37:04 Leather Archer Armor
37:25 Iron Casting
38:26 Man-at-Arms
38:27 Pikeman
38:53 Gambesons
39:09 Squires
38:55 Arson
40:13 Halberdier
43:09 Ring Archer Armor
42:56 Chain Mail Armor
Connection lost

Rejoining the realm…

Still unreachable

The connection could not be restored.

Session expired

The server has moved on; the page needs a fresh start.